 Dungeon Crawl Stone Soup version 0.19.1-1-g22dce08 (webtiles) character file.

387 galech the Cudgeler (level 6, -1/67 HPs)
             Began as an Ogre Berserker on Jan 7, 2017.
             Was a Priest of Trog.
             Slain by a gnoll (4 damage)
             ... on level 3 of the Dungeon.
             The game lasted 00:07:44 (4131 turns).

galech the Cudgeler (Ogre Berserker)                Turns: 4131, Time: 00:07:44

Health: -1/67      AC:  1    Str: 25    XL:     6   Next: 78%
Magic:  15/15      EV: 11    Int:  6    God:    Trog [***...]
Gold:   129        SH:  0    Dex:  9    Spells: 0 memorised, 5 levels left

rFire  . . .     SeeInvis .     p - +0 flail
rCold  . . .     Gourm    .     b - +0 animal skin
rNeg   . . .     Faith    .     (no shield)
rPois  .         Spirit   .     (helmet restricted)
rElec  .         Reflect  .     (no cloak)
rCorr  .         Harm     .     (gloves unavailable)
MR     .....                    (boots unavailable)
Stlth  +.........               (no amulet)
                                q - -2 ring of protection (curse)
                                l - ring of magical power

@: exhausted, starving, slowed, very slow
A: unfitting armour, tough skin 1
a: Berserk, Trog's Hand, Burn Spellbooks, Renounce Religion


You were on level 3 of the Dungeon.
You worshipped Trog.
Trog was most pleased with you.
You were starving.

You visited 1 branch of the dungeon, and saw 3 of its levels.

You collected 129 gold pieces.

Inventory:

Hand Weapons
 a - a +0 mace
 p - a +0 flail (weapon)
Armour
 b - a +0 animal skin (worn)
Jewellery
 f - an uncursed ring of magical power
 l - a ring of magical power (left hand)
 q - a cursed -2 ring of protection (right hand)
Wands
 m - a wand of disintegration (19/24)
Scrolls
 e - 7 scrolls of identify {unknown}
 i - 2 scrolls of remove curse {unknown}
 j - 3 scrolls of fear {unknown}
 k - a scroll of noise {unknown}
 n - a scroll of fog {unknown}
Potions
 g - a potion of beneficial mutation {unknown}
 h - a potion of brilliance {unknown}
 o - a potion of mutation {unknown}
Books
 r - a book of Misfortune

   Spells                             Type                      Level
   a - Confusing Touch                Hexes                        1
   b - Confuse                        Hexes                        3
   c - Gell's Gravitas                Hexes/Translocation          3
   d - Petrify                        Transmutation/Earth          4
   e - Metabolic Englaciation         Hexes/Ice                    5
   f - Yara's Violent Unravelling     Hexes/Transmutation          5
   Trog disapproves of the use of such an item.
Comestibles
 c - a bread ration
 d - a beef jerky
 s - 4 chunks of flesh


   Skills:
 + Level 6.2 Fighting
 + Level 6.8 Maces & Flails
 + Level 4.2 Dodging
 + Level 0.2 Stealth


You had 5 spell levels left.
You didn't know any spells.

Dungeon Overview and Level Annotations

Branches:
Dungeon (3/15)

Altars:
Cheibriados
Elyvilon
Fedhas
Hepliaklqana
Makhleb
Qazlal


Innate Abilities, Weirdness & Mutations

You are too large for most types of armour.
You have tough skin. (AC +1)


Message History

You closely miss the gnoll.
The gnoll is severely wounded.
The gnoll misses you. The gnoll hits you.
You barely miss the gnoll.
The gnoll is severely wounded.
The gnoll hits you!
* * * LOW HITPOINT WARNING * * *
You hit the gnoll.
The gnoll is severely wounded.
The gnoll closely misses you. The gnoll hits you.
* * * LOW HITPOINT WARNING * * *
You barely miss the gnoll.
The gnoll is severely wounded.
The gnoll hits you.
* * * LOW HITPOINT WARNING * * *
The gnoll barely misses you.
You hit the gnoll.
The gnoll is almost dead.
The gnoll hits you.
You die...

##'#.).........#....#...... #
...#############''''#############
...#............................#
####≈≈≈≈≈≈≈≈≈≈≈≈....≈≈≈≈≈≈≈≈≈≈≈≈#
≈≈≈≈≈≈≈≈≈≈≈≈≈≈≈≈....≈≈≈≈≈≈≈≈≈≈≈≈≈
≈≈≈≈≈≈≈≈≈≈≈≈≈≈≈≈....≈≈≈≈≈≈≈≈≈≈≈≈≈
.................................
)...............g............>###
................@................
###....#..###(##########..###.###
..'....'.......)..# #....#.#
###....##.###.###.# ##.#.#.# #
#...)##.###.###.# #.#.#.#
###...............# #.# #.#
..#.......###.#####
..#........##....################
..#......).##....................


You could see a gnoll.

Vanquished Creatures
  A hound (D:2)
  21 gnolls
  5 adders
  An adder skeleton (D:3)
  A worm (D:3)
  A dart slug (D:2)
  4 orcs (D:3)
  9 bats
  7 giant cockroaches
  10 goblins
  4 hobgoblins
  17 jackals
  5 quokkas
  4 frilled lizards
  5 kobolds
  8 rats
103 creatures vanquished.

Notes
Turn   | Place    | Note
-------+----------+-------------------------------------------
     0 | D:1      | galech the Ogre Berserker began the quest for the Orb.
     0 | D:1      | Reached XP level 1. HP: 24/24 MP: 1/1
   185 | D:1      | Reached XP level 2. HP: 30/32 MP: 2/2
   462 | D:2      | Found a stormy altar of Qazlal.
   549 | D:2      | Reached XP level 3. HP: 37/40 MP: 3/3
   668 | D:2      | Reached skill level 5 in Maces & Flails
   678 | D:2      | Reached ** piety under Trog
   736 | D:2      | Reached XP level 4. HP: 24/49 MP: 4/4
   895 | D:2      | Found a burning altar of Makhleb.
  1139 | D:2      | Found a blossoming altar of Fedhas.
  1519 | D:3      | Found a white marble altar of Elyvilon.
  1521 | D:3      | Found a hazy altar of Hepliaklqana.
  1539 | D:3      | Found a snail-covered altar of Cheibriados.
  1652 | D:3      | Reached skill level 5 in Fighting
  2205 | D:3      | Reached XP level 5. HP: 26/57 MP: 5/5
  2984 | D:3      | Reached XP level 6. HP: 53/66 MP: 6/6
  3615 | D:3      | Reached *** piety under Trog
  3884 | D:3      | HP: 3/100 [gnoll/whip (9)]
  4130 | D:3      | HP: 3/67 [gnoll (6)]
  4131 | D:3      | Slain by a gnoll

Skill      XL: |  1  2  3  4  5  6 |
---------------+-------------------+-----
Dodging        | 3 4 |  4.2
Maces & Flails | 5 6 |  6.8
Fighting       | 5 6 |  6.2
Stealth        | |  0.2

Action                   |  1- 3 |  4- 6 || total
-------------------------+-------+-------++-------
Melee: Mace              |    84 |   158 ||   242
       Flail             |       |   144 ||   144
Invok: Berserk           |       |     4 ||     4
  Eat: Chunk             |       |    12 ||    12
Armor: Animal skin       |    31 |    85 ||   116
Dodge: Dodged            |    85 |   259 ||   344
